 Dungeon Crawl Stone Soup version 0.27.0-1-g7a08968 (webtiles) character file.

Game seed: 12507883310845255107

53 bonscott the Skirmisher (level 3, -5/23 HPs)
             Began as a Vampire Fighter on Aug 15, 2021.
             Slain by a gnoll (12 damage)
             ... on level 2 of the Dungeon.
             The game lasted 00:07:59 (1118 turns).

bonscott the Skirmisher (Vampire Fighter)           Turns: 1118, Time: 00:08:00

Health: -5/23      AC:  8    Str: 15    XL:     3   Next: 62%
Magic:  3/3        EV:  9    Int: 10    God:
Gold:   27         SH:  0    Dex: 14    Spells: 2/2 levels left

rFire    . . .     SeeInvis +   a - +0 war axe
rCold    + + .     Faith    .   (no shield)
rNeg     + + +     Spirit   .   b - +0 scale mail
rPois    ∞         Reflect  .   l - +1 helmet
rElec    .         Harm     .   (no cloak)
rCorr    .         Rampage  .   (no gloves)
Will     .....                  (no boots)
Stlth    ++........             (no amulet)
HPRegen  0.00/turn              (no ring)
MPRegen  0.08/turn              (no ring)

@: bloodless, inhibited regen
A: bloodless, fangs 3, see invisible, vampiric 2
a: Bat Form, Revivify


You were on level 2 of the Dungeon.
You visited 1 branch of the dungeon, and saw 2 of its levels.

You collected 27 gold pieces.

Inventory:

Hand Weapons
 a - a +0 war axe (weapon)
 m - a +1 vampiric dagger
Missiles
 F - 17 stones (quivered)
Armour
 b - a +0 scale mail (worn)
 c - a +0 kite shield
 l - a +1 helmet (worn)
Scrolls
 e - a scroll of vulnerability {unknown}
 g - 2 scrolls of identify {unknown}
 i - a scroll of teleportation
 j - a scroll of torment {unknown}
 k - a scroll of blinking
 o - a scroll of silence {unknown}
Potions
 d - a potion of might
 f - a potion of lignification {unknown}
 h - a potion of degeneration {unknown}
 n - a potion of heal wounds {unknown}


   Skills:
 + Level 3.5 Fighting
 + Level 2.8 Axes
 - Level 2.4 Armour
 - Level 2.6 Shields


You had 2 spell levels left.
You didn't know any spells.
Your spell library was empty.

Dungeon Overview and Level Annotations

Branches:
Dungeon (2/15)

Altars:

Shops:
D:1 ?


Innate Abilities, Weirdness & Mutations

You do not regenerate when monsters are visible.
You are frail without blood (-20% HP).
You can heal yourself when you bite living creatures.
You are immune to poison.
You have razor-sharp teeth.
You have supernaturally acute eyesight. (SInv)
You are afflicted with vampirism and can become a bat while bloodless.


Message History

An adder comes into view.
The adder hisses angrily.
You see here a +0 club.
Throw: 19 stones
Press: ? - help, Shift-Dir - straight line, f/p - gnoll
Aim: a gnoll, wielding a +0 club (63% to hit)
You throw a stone.
The stone hits the adder but does no damage.
Throw: 18 stones
Press: ? - help, Shift-Dir - straight line, f/p - gnoll
Aim: a gnoll, wielding a +0 club (63% to hit)
You throw a stone. The stone closely misses the adder.
The stone hits the gnoll but does no damage.
You closely miss the adder. Your bite misses the adder.
The adder completely misses you. The adder bites you.
Your scale mail prevents you from hitting the adder.
The adder barely misses you.
You slash the adder! You bite the adder.
You kill the adder!
A gnoll comes into view. It is wielding a +0 whip.
You hit the gnoll.
The gnoll is heavily wounded.
The gnoll hits you with a +0 whip.
You hit the gnoll but do no damage.
The gnoll is heavily wounded.
You barely miss the gnoll.
The gnoll hits you but does no damage. x2
The gnoll hits you from afar with a +0 halberd.
The gnoll hits you but does no damage.
You barely miss the gnoll.
The gnoll is heavily wounded.
You closely miss the gnoll. The gnoll closely misses you.
The gnoll hits you but does no damage.
The gnoll hits you from afar with a +0 halberd.
The gnoll closely misses you.
You hit the gnoll.
The gnoll is almost dead.
You hit the gnoll. The gnoll hits you with a +0 club.
The gnoll hits you from afar with a +0 halberd!
Ouch! That really hurt!
You die...

#.# ###.#### #.#
#......# #g#
#.###..###### #.# #.#
#........
#.#########.###..######
#.........g......#
###########..g...#
###g#### #@# #####g####
#........# ########
#.###.##.# #......##
#.# #.##.#### #.##....#
#.# #........ #.##.#..#
#.###.##.####
#.##.#..###.##...#.#
#.##...............#


You could see 3 gnolls.

Vanquished Creatures
  An adder (D:2)
  A bat (D:1)
  6 endoplasms
  2 giant cockroaches
  4 goblins (D:1)
  5 hobgoblins (D:1)
  7 jackals (D:2)
  2 ball pythons (D:1)
  2 frilled lizards (D:1)
  3 kobolds
  5 rats (D:1)
38 creatures vanquished.

Notes
Turn   | Place    | Note
-------+----------+-------------------------------------------
     0 | D:1      | bonscott the Vampire Fighter began the quest for the Orb.
     0 | D:1      | Reached XP level 1. HP: 17/17 MP: 1/1
   157 | D:1      | Reached skill level 3 in Fighting
   163 | D:1      | Reached XP level 2. HP: 23/24 MP: 2/2
   197 | D:1      | Found a faded altar of an unknown god.
   461 | D:1      | Found Focweq's Magic Scroll Boutique.
   512 | D:1      | Gained mutation: You are afflicted with vampirism and can
                  | become a bat while bloodless. [Vampire growth]
   512 | D:1      | Reached XP level 3. HP: 29/29 MP: 3/3
  1118 | D:2      | Slain by a gnoll

Illustrated notes

Levels and vault maps discovered:
D:1:      giann_horns, layout_rooms, serial_shops, shop,
          hellmonk_ecumenical_altar_crossroads, minmay_box_of_dots
D:2:      layout_loops_corners, serial_shops, shop_statue, minmay_3d_cube

Skill      XL: |  1 |
---------------+----+-----
Axes           | 2 |  2.8
Fighting       | 3 |  3.5
Armour         | |  2.4
Shields        | |  2.6

Action                   || total
-------------------------++-------
Melee: War axe           ||    81
       Bite              ||     5
Throw: Stone             ||    28
 Abil: Exsanguinate      ||     1
  Use: Scroll            ||     2
 Stab: Sleeping          ||     1
Armor: Scale mail        ||    37
Dodge: Dodged            ||    36
